 Dungeon Crawl Stone Soup version 0.26-a0-642-g67e99244d3 (webtiles) character file.

Game seed: 8929892158140966

70 DogServant the Digger (level 4, -3/37 HPs)
             Began as a Gargoyle Earth Elementalist on Sept 21, 2020.
             Killed from afar by a gnoll (18 damage)
             ... with an exploding inner flame
             ... hexed by the player character
             ... on level 2 of the Dungeon.
             The game lasted 00:03:47 (2142 turns).

DogServant the Digger (Gargoyle Earth Elementalist) Turns: 2142, Time: 00:03:48

Health: -3/37      AC: 22    Str: 12    XL:     4   Next: 22%
Magic:  6/8        EV:  2    Int: 16    God:
Gold:   112        SH:  0    Dex: 10    Spells: 5/9 levels left

rFire    . . .     SeeInvis .   j - -3 dagger
rCold    . . .     Faith    .   (no shield)
rNeg     + + +     Spirit   .   (armour currently unavailable)
rPois    ∞         Reflect  .   (helmet currently unavailable)
rElec    .         Harm     .   (cloak currently unavailable)
rCorr    +         Rampage  .   (gloves currently unavailable)
MR       .....     NoTele   +   (boots currently unavailable)
Stlth    ++........             (no amulet)
HPRegen  0.12/turn              e - ring of resist corrosion
MPRegen  0.11/turn              (no ring)

@: tree-form
A: negative energy resistance 1, petrification resistance, rot immunity, AC +3
a: no special abilities


You were on level 2 of the Dungeon.
You were a tree.
You visited 1 branch of the dungeon, and saw 3 of its levels.

You collected 112 gold pieces.

Inventory:

Hand Weapons
 a - a +1 dagger of protection
 f - a +1 vampiric whip
 j - a -3 dagger (weapon)
Missiles
 b - 46 stones (quivered)
Armour
 c - a +0 robe
 i - a +1 robe of fire resistance (melded)
Jewellery
 e - a ring of resist corrosion (left branch)
Scrolls
 d - 8 scrolls of identify
Potions
 h - a potion of curing {unknown}
 n - 2 potions of haste {unknown}


   Skills:
 + Level 1.0 Fighting
 - Level 1.5 Dodging
 - Level 2.1 Stealth
 + Level 3.0 Spellcasting
 + Level 1.0 Conjurations
   Level 0.7 Transmutations
 + Level 4.6 Earth Magic


You had 5 spell levels left.
You knew the following spells:

 Your Spells              Type           Power        Failure   Level
a - Sandblast             Erth           ###...       2%          1
b - Stone Arrow           Conj/Erth      ##....       17%         3

Your spell library contained the following spells:

 Spells                   Type           Power        Failure   Level
 Passwall                 Tmut/Erth      ##......     10%         2
 Petrify                  Tmut/Erth      ##......     52%         4
 Lee's Rapid Deconstruct  Erth           ###.......   58%         5


Dungeon Overview and Level Annotations

Branches:
Dungeon (3/15)

Altars:
Gozag


Innate Abilities, Weirdness & Mutations

You are resistant to torment.
((Your stone body is resilient. (AC +3)))
You are immune to poison.
You resist negative energy. (rN+)
((You are resistant to electric shocks. (rElec)))
((You can survive without breathing.))
You are immune to petrification.
You are immune to rotting.


Message History

Casting: Sandblast (safe; 2% risk of failure)
Confirm with . or Enter, or press ? or * to list all spells.
Aiming: Sandblast (safe; 2% risk of failure)
Press: ? - help, Shift-Dir - straight line, f/p - gnoll
Aim: a gnoll (inner flame)
The blast of sand hits the gnoll!
Flame seeps out of the gnoll.
The gnoll is severely wounded.
b - 46 stones Terence asks, "Do you want it fast or slow?"
The gnoll hits you but does no damage. x2
The gnoll is engulfed in blazing flames.
The gnoll explodes!
The fiery explosion engulfs the gnoll!!!
The gnoll explodes!
The fiery explosion engulfs Terence!!
Terence explodes!
The fiery explosion engulfs the gnoll!!!
The gnoll explodes!
The fiery explosion engulfs you!!
You die...

.........# ##..#.#..#.##.#
...####### ##.#.#..#.##.#
...# #.#....#....# .[.#
#.#.........# ...#######
#.#....####.#
.####....#####§§§§÷.# #.#
..............§§§g..####.#
#.###....######§○#.......#
#.# #....#### ##♣###.#####
#.# #.......# ### #.# #.#
#.# #.......# #.###.# #.#
####....# #.....# #.#
#....# #####.# ..# ######
#.# ### #.# ########.#
#........#


You could see a gnoll (inner flame).

Vanquished Creatures
  3 adders (D:2)
  A dart slug (D:1)
  3 leopard geckos
  A giant cockroach (D:1)
  6 goblins (D:1)
  6 hobgoblins
  2 jackals (D:2)
  4 bats
  2 frilled lizards
  5 kobolds
  6 rats
39 creatures vanquished.

Notes
Turn   | Place    | Note
-------+----------+-------------------------------------------
     0 | D:1      | DogServant the Gargoyle Earth Elementalist began the quest
                  | for the Orb.
     0 | D:1      | Reached XP level 1. HP: 10/10 MP: 3/3
   381 | D:1      | Reached XP level 2. HP: 15/15 MP: 3/5
   410 | D:1      | Reached skill level 4 in Earth Magic
   914 | D:1      | Reached XP level 3. HP: 19/19 MP: 4/6
  1502 | D:1      | Learned a level 3 spell: Stone Arrow
  1736 | D:2      | Reached XP level 4. HP: 24/24 MP: 3/8
  1867 | D:2      | Found an opulent altar of Gozag.
  1972 | D:2      | Reached skill level 1 in Conjurations
  1976 | D:2      | Reached skill level 1 in Fighting
  2134 | D:3      | Noticed Terence
  2142 | D:2      | Killed Terence
  2142 | D:2      | Killed from afar by a gnoll

Illustrated notes

Levels and vault maps discovered:
D:1:      dpeg_arrival_subterranean_lakeside_camping, layout_basic
D:2:      layout_basic, grunt_gozag_statues
D:3:      layout_loops_cross, uniq_terence

Skill      XL: |  1  2  3  4 |
---------------+-------------+-----
Earth Magic    | 4 |  4.6
Spellcasting   | 3 |  3.0
Conjurations   | 1 |  1.0
Fighting       | 1 |  1.0
Dodging        | |  1.5
Stealth        | |  2.1
Transmutations | |  0.7

Action                   |  1- 3 |  4- 6 || total
-------------------------+-------+-------++-------
Melee: Unarmed           |    21 |       ||    21
       Dagger            |    28 |    11 ||    39
       Whip              |    37 |       ||    37
 Cast: Sandblast         |    27 |    13 ||    40
  Use: Scroll            |     3 |     4 ||     7
       Potion            |       |     1 ||     1
 Stab: Sleeping          |     2 |     1 ||     3
Armor: Robe              |    48 |    12 ||    60
       Skin              |       |     6 ||     6
Dodge: Dodged            |    77 |    22 ||    99

Table legend: (Time is in decaauts)
 A = Elapsed time spent in this place.
 B = Non-inter-level travel time spent in this place.
 C = Inter-level travel time spent in this place.
 D = Time resting spent in this place.
 E = Time spent auto-exploring this place.
 F = Levels seen in this place.
 G = Mean time per level.
                   A        B        C        D        E       F      G
               +--------+--------+--------+--------+--------+-----+--------+
         Total |   2146 |   2101 |     45 |    336 |   1413 |   3 |  715.3 |
       Dungeon |   2146 |   2101 |     45 |    336 |   1413 |   3 |  715.3 |
               +--------+--------+--------+--------+--------+-----+--------+

Top non-repeatable levels by time:
     D:1: 1557 daAuts
     D:2: 587 daAuts
     D:3: 1 daAuts
